 Dungeon Crawl Stone Soup version 0.31.0-11-ge490571c62 (webtiles) character file.

Game seed: 14359369836971070777

843 browni3141 the Cleaver (level 7, -7/66 HPs)
             Began as a Minotaur Fighter on Jan 28, 2024.
             Mangled by a two-headed ogre
             ... wielding a +0 giant club
              (17 damage)
             ... on level 6 of the Dungeon.
             The game lasted 00:02:07 (4718 turns).

browni3141 the Cleaver (Minotaur Fighter)           Turns: 4718, Time: 00:02:08

Health: -7/66      AC: 10    Str: 22    XL:     7   Next: 68%
Magic:  6/6        EV:  8    Int:  5    God:
Gold:   216        SH:  4    Dex: 10    Spells: 6/6 levels left

rFire   . . .        a - +0 war axe
rCold   . . .        c - +0 buckler
rNeg    . . .        v - +0 chain mail
rPois   .            (helmet restricted)
rElec   .            u - +0 cloak
rCorr   .            (no gloves)
SInv    .            (no boots)
Will    .....        (no amulet) Stlth
                     (no ring)
HPRegen 0.31/turn    (no ring)
MPRegen 0.10/turn

%: no passive effects
@: no status effects
A: horns 2, retaliatory headbutt
a: no special abilities


You were on level 6 of the Dungeon.
You visited 1 branch of the dungeon, and saw 6 of its levels.
You also visited: Sewer.

You collected 246 gold pieces.
You spent 30 gold pieces at shops.

Inventory:

Hand Weapons
 a - a +0 war axe (weapon)
Missiles
 y - a boomerang (quivered)
Armour
 b - a +0 scale mail
 c - a +0 buckler (worn)
 u - a +0 cloak (worn)
 v - a +0 chain mail (worn)
Jewellery
 t - an amulet of magic regeneration
Scrolls
 g - 6 scrolls of teleportation
 h - a scroll of noise {unknown}
 i - a scroll of silence {unknown}
 k - 3 scrolls of identify {unknown}
 l - a scroll of fog {unknown}
 o - a scroll of torment {unknown}
 q - a scroll of brand weapon {unknown}
 s - 3 scrolls of enchant weapon {unknown}
Potions
 d - 3 potions of might
 e - a potion of attraction {unknown}
 f - 4 potions of curing {unknown}
 j - a potion of brilliance {unknown}
 m - 2 potions of mutation {unknown}
 n - a potion of heal wounds {unknown}
 p - a potion of degeneration {unknown}
 r - a potion of lignification {unknown}
 w - a potion of resistance {unknown}
 x - a potion of invisibility {unknown}
 z - 3 potions of haste


   Skills:
 + Level 7.0 Fighting
 * Level 8.8 Axes
 - Level 3.6 Armour
 - Level 3.6 Shields


You had 6 spell levels left.
You didn't know any spells.
Your spell library contained the following spells:

 Spells                   Type           Power      Damage    Failure   Level
 Magic Dart               Conj           0%         1d3       99%         1
 Slow                     Hex            0%         N/A       99%         1
 Blink                    Tloc           0%         N/A       99%         2
 Call Imp                 Summ           0%         N/A       99%         2
 Mercury Vapours          Alch/Air       0%         N/A       99%         2
 Confusing Touch          Hex            0%         N/A       100%        3
 Mephitic Cloud           Conj/Alch/Air  0%         N/A       100%        3
 Sigil of Binding         Hex            0%         N/A       100%        3
 Vampiric Draining        Necr           0%         2d6       100%        3
 Freezing Cloud           Conj/Ice/Air   0%         6-21      100%        5
 Summon Forest            Summ/Tloc      0%         N/A       100%        5
 Summon Mana Viper        Hex/Summ       0%         N/A       100%        5
 Summon Cactus Giant      Summ           0%         N/A       100%        6


Dungeon Overview and Level Annotations

Branches:
Dungeon (6/15)              Sewer (visited)
 Temple: D:4-7

Altars:

Shops:
D:2 =(=*


Innate Abilities, Weirdness & Mutations

You have a pair of horns on your head.
You reflexively headbutt those who attack you in melee.


Message History

There are monsters nearby!
There are monsters nearby!
You slice the orc!!
You kill the orc!
You hit the orc wizard.
The orc wizard is heavily wounded.
The orc wizard points at you and mumbles some strange words.
You resist with some effort.
You slash the orc wizard!
You kill the orc wizard!
You slash the orc!
You kill the orc!
You barely miss the orc. Your headbutt misses the orc.
The orc hits you with a +0 club.
You barely miss the orc. The orc hits you but does no damage.
You slash the orc!
You kill the orc!
No target in view!
Items here: )))) [[ †.
No target in view!
Found a stone staircase leading up.
You see here a +0 leather armour.
There is an escape hatch in the floor here.
An ogre comes into view. It is wielding a +0 giant club.
The ogre shouts!
An ogre is nearby!
The ogre hits you with a +0 giant club!!
You barely miss the ogre. The ogre closely misses you. You furiously retaliate!
You headbutt the ogre. You completely miss the ogre.
The ogre is lightly wounded.
You barely miss the ogre.
You headbutt the ogre, but do no damage.
The ogre is lightly wounded.
The ogre hits you with a +0 giant club!
You slash the ogre!
The ogre is heavily wounded.
The ogre closely misses you. You furiously retaliate!
You headbutt the ogre! You barely miss the ogre.
The ogre is severely wounded.
The ogre barely misses you.
You slash the ogre!
You kill the ogre!
Your Fighting skill increases to level 7!
Found a stone staircase leading down.
Things that are here:
a +0 giant club; an ogre corpse
There is a stone staircase leading down here.
Found a stone staircase leading up.
There is a stone staircase leading up here.
There is a stone staircase leading down here.
An adder comes into view.
The adder hisses angrily.
An adder is nearby!
You slash the adder!
You kill the adder!
No target in view!
No target in view!
No target in view!
You see here an adder corpse.
There is a stone staircase leading up here.
Found an escape hatch in the ceiling.
You see here 4 stones.
Done exploring.
Done exploring.
No target in view!
No target in view!
No target in view!
There is a stone staircase leading down here.
You climb downwards.
There is a stone staircase leading up here.
Okay, then.
Found a stone staircase leading down.
There is a stone staircase leading down here.
Found a stone staircase leading up.
Key pressed, stopping explore.
No target in view!
No target in view!
Found a stone staircase leading up.
No target in view!
No target in view!
No target in view!
No target in view!
A two-headed ogre comes into view.
It is wielding a +0 giant club and a +0 dire flail.
The two-headed ogre shouts in stereo!
A two-headed ogre is nearby!
The two-headed ogre hits you with a +0 giant club!!
You block the two-headed ogre's attack.
You hit the two-headed ogre but do no damage.
A two-headed ogre is nearby!
A two-headed ogre is nearby!
You slash the two-headed ogre! You headbutt the two-headed ogre!
The two-headed ogre is moderately wounded.
The two-headed ogre hits you with a +0 giant club!
The two-headed ogre hits you with a +0 dire flail!
You slash the two-headed ogre!
The two-headed ogre is heavily wounded.
The two-headed ogre hits you with a +0 giant club!
The two-headed ogre hits you with a +0 dire flail!
You die...

#....#
#.#.#########.##
####.# #.#.# #.#
#.###.#.#########.#
#..............##.#
#......###.....##.#
....... #.....##.#
.......#+#.....##.#
.#.............##.#
#......O@.....##.#
#.............##.#
#.............##<#
........$....####
.............#
.............#
.............#
###.#.########


You could see a two-headed ogre.

Vanquished Creatures
  2 ogres (D:5)
  A crocodile (Sewer)
  A brain worm (Sewer)
  A bullfrog (D:4)
  A scorpion (D:5)
  A hound (D:4)
  Crazy Yiuf (D:3)
  Terence (D:3)
  An iguana (D:4)
  2 orc wizards
  3 gnolls (D:4)
  9 adders
  2 ribbon worms (D:3)
  2 dart slugs
  9 orcs
  5 endoplasms
  8 giant cockroaches
  11 goblins
  7 hobgoblins
  3 quokkas
  13 ball pythons
  14 bats
  7 frilled lizards
  11 kobolds
  8 rats
124 creatures vanquished.

Notes
Turn   | Place    | Note
-------+----------+-------------------------------------------
     0 | D:1      | browni3141 the Minotaur Fighter began the quest for the
                  | Orb.
     0 | D:1      | Reached XP level 1. HP: 19/19 MP: 0/0
    88 | D:1      | Reached skill level 3 in Axes
   125 | D:1      | Reached XP level 2. HP: 27/27 MP: 1/1
   700 | D:1      | Noticed an eye of devastation
   701 | D:1      | Found a faded altar of an unknown god.
   711 | D:1      | Reached XP level 3. HP: 31/33 MP: 2/2
   711 | D:1      | Noticed a glass eye
   722 | D:1      | Noticed an eye of devastation
   869 | D:1      | Noticed a great orb of eyes
  1045 | D:2      | Reached skill level 4 in Axes
  1114 | D:2      | Found Rutzetidd's General Store.
  1122 | D:2      | Bought a scroll of teleportation for 30 gold pieces
  1144 | D:2      | Found Kugudghuz's Jewellery Shop.
  1442 | D:2      | Found Kyn Irche's Jewellery Emporium.
  1513 | D:2      | Found Fioto's Antique Weapon Boutique.
  1793 | D:2      | Reached XP level 4. HP: 41/41 MP: 3/3
  2093 | D:3      | Found a runed translucent door.
  2094 | D:3      | Noticed Crazy Yiuf
  2207 | D:3      | Identified the +5 sling of Beyond {speed, *Corrode Int+2
                  | Dex+4}
  2254 | D:3      | Noticed Terence
  2263 | D:3      | Killed Terence
  2264 | D:3      | Reached skill level 5 in Axes
  2522 | D:3      | Reached XP level 5. HP: 47/47 MP: 4/4
  2532 | D:3      | Reached skill level 5 in Fighting
  2685 | D:3      | Killed Crazy Yiuf
  2868 | D:4      | Found a glowing drain.
  2897 | Sewer    | Entered a sewer
  2962 | Sewer    | Reached skill level 6 in Axes
  2962 | Sewer    | Reached XP level 6. HP: 56/56 MP: 5/5
  3264 | D:4      | Reached skill level 7 in Axes
  3440 | D:4      | Reached XP level 7. HP: 54/63 MP: 6/6
  3812 | D:5      | Entered Level 5 of the Dungeon
  3931 | D:5      | Reached skill level 8 in Axes
  4712 | D:6      | Noticed a two-headed ogre
  4718 | D:6      | Mangled by a two-headed ogre

Illustrated notes

Levels and vault maps discovered:
D:1:      lightli_arrival_isolated_outpost, layout_basic,
          hellmonk_ecumenical_altar_watching_god, serial_corexii_hall,
          chequers_hall_statues_wall_a, chequers_hall_statues_corner_a,
          roderic_lattice_a, st_stairs_8, chequers_avenue
D:2:      layout_loops_corners, serial_shops, shop, shop,
          nicolae_shop_competitors_out_of_business, nicolae_shop_peninsula
D:3:      minmay_wonky_spiral, layout_loops_ring, uniq_crazy_yiuf_cottage,
          uniq_terence
D:4:      layout_basic, gup_sewer_entry_glass, minmay_statues_item
D:5:      layout_loops_cross
D:6:      layout_basic, mainiacjoe_overflow_24_doors,
          mainiacjoe_overflow_boulevard, kennysheep_mini

Skill      XL: |  1  2  3  4  5  6  7 |
---------------+----------------------+-----
Axes           | 3 4 5 6 7 8 |  8.8
Fighting       | 4 5 6 7 |  7.0
Armour         | |  3.6
Shields        | |  3.6

Action                     |  1- 3 |  4- 6 |  7- 9 || total
---------------------------+-------+-------+-------++-------
  Melee: War axe           |    90 |   139 |    46 ||   275
         Headbutt          |     5 |    16 |     5 ||    26
 Armour: Scale mail        |    53 |    41 |       ||    94
         Chain mail        |       |   100 |    33 ||   133
  Dodge: Dodged            |    43 |    73 |    12 ||   128
  Block: Buckler           |    20 |    31 |     5 ||    56
